 Dungeon Crawl Stone Soup version 0.19.1 (webtiles) character file.

1212 Wurzelsepp the Covert (level 8, -5/32 HPs)
             Began as a Spriggan Enchanter on Dec 24, 2016.
             Was a Follower of Uskayaw.
             Killed by divine providence
             ... invoked by an orc priest
              (16 damage)
             ... on level 5 of the Dungeon.
             The game lasted 00:26:41 (7052 turns).

Wurzelsepp the Covert (Spriggan Enchanter)          Turns: 7052, Time: 00:26:41

Health: -5/32      AC:  4    Str:  4    XL:     8   Next: 22%
Magic:  7/17       EV: 18    Int: 18    God:    Uskayaw [*.....]
Gold:   202        SH:  0    Dex: 17    Spells: 3 memorised, 12 levels left

rFire  . . .     SeeInvis +     f - +3 dagger (venom)
rCold  . . .     Gourm    .     q - +1 robe
rNeg   . . .     Faith    .     (shield restricted)
rPois  .         Spirit   .     (helmet restricted)
rElec  .         Reflect  .     v - +0 cloak
rCorr  .         Harm     .     (gloves unavailable)
MR     +....                    (boots unavailable)
Stlth  ++++......               (no amulet)
                                (no ring)
                                (no ring)

@: very quick
A: unfitting armour, see invisible, herbivore 3, speed 3, frail 1, slow
metabolism 2, wild magic 2
a: Stomp, Renounce Religion


You were on level 5 of the Dungeon.
You worshipped Uskayaw.
Uskayaw was noncommittal.
You were hungry.

You visited 2 branches of the dungeon, and saw 6 of its levels.

You collected 202 gold pieces.

Notes
Turn   | Place    | Note
-------+----------+-------------------------------------------
     0 | D:1      | Wurzelsepp the Spriggan Enchanter began the quest for the Orb.
     0 | D:1      | Reached XP level 1. HP: 9/9 MP: 5/5
    53 | D:1      | Reached skill level 5 in Stealth
    59 | D:1      | Reached XP level 2. HP: 13/13 MP: 6/6
   304 | D:1      | Learned a level 2 spell: Ensorcelled Hibernation
   391 | D:1      | Reached skill level 6 in Stealth
   715 | D:1      | Reached XP level 3. HP: 15/16 MP: 2/8
   957 | D:2      | Reached XP level 4. HP: 21/21 MP: 9/9
  1078 | D:2      | Found a sparkling altar of Nemelex Xobeh.
  2298 | D:3      | Found an iron altar of Okawaru.
  2372 | D:3      | Found a runed door.
  2376 | D:3      | Noticed Crazy Yiuf
  2380 | D:3      | Killed Crazy Yiuf
  2380 | D:3      | Reached XP level 5. HP: 24/24 MP: 11/11
  3085 | D:4      | Reached skill level 5 in Hexes
  3306 | D:4      | Found a snail-covered altar of Cheibriados.
  3318 | D:4      | Reached XP level 6. HP: 24/28 MP: 9/13
  3825 | D:5      | Entered Level 5 of the Dungeon
  4019 | D:5      | Found a staircase to the Ecumenical Temple.
  4025 | Temple   | Entered the Ecumenical Temple
  4149 | Temple   | Became a worshipper of Uskayaw the Reveler
  4294 | D:5      | Reached * piety under Uskayaw
  4312 | D:5      | Reached ** piety under Uskayaw
  4329 | D:5      | Reached *** piety under Uskayaw
  4478 | D:5      | Noticed Eustachio
  4673 | D:5      | Reached skill level 5 in Spellcasting
  4673 | D:5      | Reached XP level 7. HP: 32/32 MP: 15/15
  4703 | D:5      | HP: 1/32 [ice beast (13)]
  5199 | D:5      | Noticed JGreham's ghost (amateur DsCK)
  5870 | D:5      | Killed Eustachio
  5870 | D:5      | Reached skill level 5 in Short Blades
  5963 | D:5      | Learned a level 3 spell: Confuse
  6564 | D:5      | Killed JGreham's ghost
  6564 | D:5      | Reached skill level 7 in Stealth
  6564 | D:5      | Reached XP level 8. HP: 28/36 MP: 1/17
  6697 | D:5      | Noticed Dowan
  6700 | D:5      | Noticed Duvessa
  6740 | D:5      | Killed Duvessa
  6740 | D:5      | Reached skill level 8 in Stealth
  6863 | D:5      | Gained mutation: Your spells are a little harder to cast, but a little more powerful. [potion of mutation]
  6863 | D:5      | Gained mutation: You are frail. (-10% HP) [potion of mutation]
  6863 | D:5      | Gained mutation: Your spells are harder to cast, but more powerful. [potion of mutation]
  6869 | D:5      | Killed Dowan
  7052 | D:5      | Killed from afar by an orc priest

Inventory:

Hand Weapons
 a - a +1 dagger
 b - a +0 short sword
 f - a +3 dagger of venom (weapon)
 I - a +0 rapier
Missiles
 s - 16 poisoned needles (quivered)
Armour
 q - a +1 robe (worn)
 v - a +0 cloak (worn)
Jewellery
 t - an uncursed ring of positive energy {unknown}
 u - an uncursed amulet of the gourmand {unknown}
 x - an uncursed ring of fire {unknown}
Wands
 p - a wand of acid (6/15)
 y - a wand of acid (9/15)
 F - a wand of iceblast (8/15)
Scrolls
 e - a scroll of enchant armour {unknown}
 i - 4 scrolls of teleportation {unknown}
 j - 3 scrolls of identify {unknown}
 k - 4 scrolls of recharging {unknown}
 l - 5 scrolls of blinking {unknown}
 n - 3 scrolls of amnesia {unknown}
 o - a scroll of magic mapping {unknown}
 r - a scroll of fog {unknown}
 B - a scroll of random uselessness {unknown}
 C - a scroll of remove curse {unknown}
 D - a scroll of enchant weapon {unknown}
Potions
 h - a potion of invisibility
 m - 2 potions of magic {unknown}
 z - a potion of heal wounds {unknown}
 A - a potion of mutation
 E - a potion of brilliance
 G - a potion of flight {unknown}
 H - a potion of degeneration {unknown}
Books
 c - a book of Maledictions

   Spells                             Type                      Level
   a - Corona                         Hexes                        1
   b - Ensorcelled Hibernation        Hexes/Ice                    2
   c - Confuse                        Hexes                        3
   d - Tukima's Dance                 Hexes                        3
   e - Dazzling Spray                 Conjuration/Hexes            3
Comestibles
 d - 3 bread rations
 w - 3 fruits

Table legend:
 A = Turns spent in this place as a percentage of turns spent in the entire game.
 B = Non-inter-level travel turns spent in this place as a percentage of non-inter-level travel turns spent in the entire game.
 C = Inter-level travel turns spent in this place as a percentage of turns spent in this place.
 D = Turns resting spent in this place as a percentage of non-inter-level travel turns spent in this place.
 E = Turns spent auto-exploring this place as a percentage of non-inter-level travel turns spent in this place.
 F = Non-inter-level travel turns spent in this place divided by the number of levels of this place that you've seen.
                   A       B       C       D       E      F
               +-------+-------+-------+-------+-------+----------------------
         Total | 100.0 | 100.0 |   0.9 |   4.9 |   6.7 | 338.2
       Dungeon |  98.8 |  98.9 |   0.8 |   4.7 |   6.2 | 401.2
        Temple |   1.2 |   1.1 |   4.2 |  17.4 |  43.5 |  23.0
               +-------+-------+-------+-------+-------+----------------------


   Skills:
 + Level 6.5 Short Blades
 - Level 3.0 Dodging
 + Level 8.7 Stealth
 - Level 5.6 Spellcasting
 - Level 6.6 Hexes
 - Level 0.1 Ice Magic


You had 12 spell levels left.
You knew the following spells:

 Your Spells              Type           Power        Failure   Level  Hunger
a - Ensorcelled Hibernat  Hex/Ice        ####..       14%         2    None
b - Corona                Hex            #####..      3%          1    None
c - Confuse               Hex            #####...     8%          3    ##.....


Dungeon Overview and Level Annotations

Branches:
Dungeon (5/15)             Temple (1/1) D:5

Altars:
Ashenzari
Cheibriados
Dithmenos
Fedhas
Gozag
Hepliaklqana
Kikubaaqudgha
Nemelex Xobeh
Okawaru
Ru
Sif Muna
Trog
Uskayaw
Yredelemnul
Zin
The Shining One


Innate Abilities, Weirdness & Mutations

You are very small and have problems with some larger weapons.
You are too small for most types of armour.
You have supernaturally acute eyesight. (SInv)
You are a herbivore.
You cover ground extremely quickly.
You need consume almost no food.
You are frail. (-10% HP)
Your spells are harder to cast, but more powerful.


Message History

The orc closely misses you.
Casting: Ensorcelled Hibernation
Confirm with . or Enter, or press ? or * to list all spells.
Aiming: Ensorcelled Hibernation
Press: ? - help, Shift-Dir - straight line, f - orc priest
Aim: an orc priest, wielding a hand axe and wearing a leather armour (chance to defeat MR: 56%)
The orc priest resists with significant effort.
The orc priest hits you with a hand axe!
The orc misses you.
Casting: Ensorcelled Hibernation
Confirm with . or Enter, or press ? or * to list all spells.
Aiming: Ensorcelled Hibernation
Press: ? - help, Shift-Dir - straight line, f/p - orc priest
Aim: an orc priest, wielding a hand axe and wearing a leather armour (chance to defeat MR: 56%)
The orc priest resists with significant effort.
The orc completely misses you.
The orc priest calls down the wrath of Beogh upon you.
Beogh smites you!
Ouch! That really hurt!
You die...

##..%#..###...####....#
##....##..##....#...####
#.....####........### #.....#
##......## ##.....# ##.....##
#......# #......# #......#
###.)....##
#####......####.........#########
....†..........o@...........).#..
...............o.......##.....e..
....#.................#########..
#################.#.### ##. #.###
#. ##.# ## #..# # #.## # #.#


You could see an orc priest and an orc.

Table legend:
 A = Kills in this place as a percentage of kills in entire the game.
 B = Kills by you in this place as a percentage of kills by you in the entire game.
 C = Kills by friends in this place as a percentage of kills by friends in the entire game.
 D = Other kills in this place as a percentage of other kills in the entire game.
 E = Experience gained in this place as a percentage of experience gained in the entire game.
 F = Experience gained in this place divided by the number of levels of this place that you have seen.
                   A       B       C       D       E      F
               +-------+-------+-------+-------+-------+----------------------
         Total | 100.0 | 100.0 |  -nan | 100.0 | 100.0 | 288.7
       Dungeon | 100.0 | 100.0 |  -nan | 100.0 | 100.0 | 346.4
               +-------+-------+-------+-------+-------+----------------------

Vanquished Creatures
  The ghost of JGreham the Skirmisher, an amateur DsCK of Xom (D:5)
  Eustachio (D:5)
  Duvessa (D:5)
  A sky beast (D:5)
  A centaur (D:5)
  Dowan (D:5)
  A crimson imp (D:5)
  4 hounds
  A bullfrog skeleton (D:4)
  An orc priest (D:4)
  Crazy Yiuf (D:3)
  A centaur skeleton (D:4)
  2 orc wizards (D:5)
  3 worker ants
  A hound skeleton (D:5)
  5 gnolls
  3 adders
  3 oozes
  A dart slug (D:1)
  6 leopard geckos
  11 orcs
  A ball python (D:1)
  2 giant cockroaches
  9 goblins
  7 hobgoblins
  5 jackals
  A quokka (D:4)
  6 bats
  3 frilled lizards (D:3)
  A jackal zombie (D:5)
  6 kobolds
  5 rats
96 creatures vanquished.

Action                   |  1- 3 |  4- 6 |  7- 9 || total
-------------------------+-------+-------+-------++-------
Melee: Dagger            |    97 |   170 |    59 ||   326
       Short sword       |       |    28 |    29 ||    57
 Cast: Ensorcelled Hiber |    13 |    39 |    34 ||    86
       Corona            |       |    22 |    17 ||    39
       Confuse           |       |       |    13 ||    13
  Use: Potion            |       |       |     5 ||     5
 Stab: Sleeping          |    17 |    34 |    11 ||    62
       Paralysed         |       |     1 |       ||     1
       Confused          |       |       |     2 ||     2
       Invisible         |       |       |     1 ||     1
  Eat: Bread ration      |       |     1 |       ||     1
Armor: Robe              |    14 |    33 |    18 ||    65
Dodge: Dodged            |    74 |   179 |    54 ||   307
